 Dungeon Crawl Stone Soup version 0.26.0-18-gc5c842f807 (webtiles) character file.

Game seed: 8850402825139410659

196 thiole the Sneak (level 5, -1/31 HPs)
             Began as an Octopode Hedge Wizard on Jan 23, 2021.
             Was an Initiate of the Shining One.
             Slain by a hobgoblin
             ... wielding a cursed -1 club
             ... led by Robin
              (3 damage)
             ... on level 3 of the Dungeon.
             The game lasted 00:06:43 (2732 turns).

thiole the Sneak (Octopode Hedge Wizard)            Turns: 2732, Time: 00:06:44

Health: -1/31      AC:  1    Str:  9    XL:     5   Next: 74%
Magic:  4/10       EV: 13    Int: 18    God:    the Shining One [......]
Gold:   121        SH:  0    Dex: 11    Spells: 3/11 levels left

rFire    . . .     SeeInvis .   a - +0 dagger
rCold    . . .     Faith    .   (no shield)
rNeg     . . .     Spirit   .   b - +0 hat
rPois    .         Reflect  .   j - amulet of regeneration
rElec    .         Harm     .   (no ring)
rCorr    .         Rampage  .   (no ring)
Will     .....                  (no ring)
Stlth    ++........             (no ring)
HPRegen  0.50/turn              (no ring)
MPRegen  0.12/turn              (no ring)
                                (no ring)
                                (no ring)

@: brilliant, glowing
A: almost no armour, stealthy swim, amphibious, 8 rings, constrict 8, camouflage
1, gelatinous body 1
a: Renounce Religion


You were on level 3 of the Dungeon.
You worshipped the Shining One.
The Shining One was noncommittal.
You visited 1 branch of the dungeon, and saw 3 of its levels.

You collected 121 gold pieces.

Inventory:

Hand Weapons
 a - a +0 dagger (weapon)
 h - a +0 hand axe of flaming
Armour
 b - a +0 hat (worn)
Jewellery
 j - an amulet of regeneration (around mantle)
Scrolls
 c - 2 scrolls of fear {unknown}
 d - a scroll of immolation {unknown}
 e - a scroll of remove curse {unknown}
 i - a scroll of enchant armour {unknown}
 k - a scroll of teleportation {unknown}
 n - a scroll of amnesia {unknown}


   Skills:
 - Level 2.0 Dodging
 + Level 4.4 Stealth
 + Level 3.7 Spellcasting
 * Level 2.8 Conjurations
 - Level 2.0 Summonings
 - Level 1.0 Translocations
 * Level 2.0 Air Magic


You had 3 spell levels left.
You knew the following spells:

 Your Spells              Type           Power        Failure   Level
a - Magic Dart            Conj           80%          4%          1
b - Call Imp              Summ           15%          10%         2
c - Blink                 Tloc           N/A          16%         2
d - Mephitic Cloud        Conj/Pois/Air  13%          24%         3

Your spell library contained the following spells:

 Spells                   Type           Power        Failure   Level
 Slow                     Hex            5%           22%         2
 Conjure Flame            Conj/Fire      12%          26%         3


Dungeon Overview and Level Annotations

Branches:
Dungeon (3/15)

Altars:
Ashenzari
Trog
Uskayaw
The Shining One


Innate Abilities, Weirdness & Mutations

You cannot wear most types of armour.
You are very stealthy in the water. (Stealth+)
You are amphibious.
You can wear up to eight rings at the same time.
You can use your tentacles to constrict eight enemies at once.
Your skin changes colour to match your surroundings (Stealth+).
Your rubbery body absorbs attacks. (AC +1, EV +1)


Message History

Your grab misses the orc priest.
The orc priest is almost dead.
The goblin hits you with a +0 dagger. The orc wizard barely misses you.
The hobgoblin hits you with a cursed -1 club.
The orc priest closely misses you.
You hit the orc priest.
You kill the orc priest!
The Shining One accepts your kill.
The orc wizard hits you with a +0 dagger of speed.
* * * LOW HITPOINT WARNING * * *
The goblin barely misses you. The hobgoblin closely misses you.
The orc wizard hits you with a +0 dagger of speed.
* * * LOW HITPOINT WARNING * * *
Your Air Magic skill increases to level 2!
It was a potion of brilliance.
You feel clever all of a sudden. The goblin hits you with a +0 dagger.
* * * LOW HITPOINT WARNING * * *
The hobgoblin hits you with a cursed -1 club.
You die...

#...)..######### ####
#..............# #P.#####
#..............# ###_P_._##
#..............# #......P.##
#####...........# #....⌠P...#
#...#...........# #P#.....###
#...#...........#
#.###.##########...#...........#
#.............g@)........<..)...
#......####...g)o..............o
#....#'####.####...#............
#........##.# #...###########..
#........##.## ##### #.
####.......... ######)##.....
#............. #.............


You could see an orc wizard, a hobgoblin and a goblin.

Vanquished Creatures
  A hound (D:3)
  An orc priest (D:3)
  2 adders (D:3)
  An ooze (D:2)
  2 worms (D:2)
  4 dart slugs (D:1)
  2 leopard geckos
  7 orcs (D:3)
  6 bats
  2 giant cockroaches (D:1)
  9 hobgoblins
  5 jackals (D:3)
  6 kobolds
  A quokka (D:3)
  3 frilled lizards
  12 goblins
  3 rats
67 creatures vanquished.

Vanquished Creatures (collateral kills)
  Robin (D:3)
  2 adders (D:2)
3 creatures vanquished.

Vanquished Creatures (others)
  A plant (D:3)
1 creature vanquished.

Grand Total: 71 creatures vanquished

Notes
Turn   | Place    | Note
-------+----------+-------------------------------------------
     0 | D:1      | thiole the Octopode Hedge Wizard began the quest for the
                  | Orb.
     0 | D:1      | Reached XP level 1. HP: 11/11 MP: 4/4
   288 | D:1      | Reached XP level 2. HP: 17/17 MP: 0/6
   363 | D:1      | Reached skill level 3 in Stealth
   367 | D:1      | Learned a level 2 spell: Call Imp
   370 | D:1      | Learned a level 2 spell: Blink
   664 | D:1      | Reached XP level 3. HP: 21/21 MP: 4/7
  1650 | D:2      | Reached XP level 4. HP: 27/27 MP: 0/9
  1654 | D:2      | Learned a level 3 spell: Mephitic Cloud
  1729 | D:2      | Found a hide-covered altar of Uskayaw.
  2013 | D:3      | Reached skill level 4 in Stealth
  2110 | D:3      | Reached skill level 1 in Air Magic
  2261 | D:3      | Noticed Robin
  2292 | D:3      | Reached XP level 5. HP: 26/31 MP: 3/10
  2303 | D:3      | Killed Robin
  2564 | D:3      | Found a glowing golden altar of the Shining One.
  2564 | D:3      | Found a broken altar of Ashenzari.
  2567 | D:3      | Found a bloodstained altar of Trog.
  2573 | D:3      | Became a worshipper of the Shining One
  2732 | D:3      | Slain by a hobgoblin

Illustrated notes

Levels and vault maps discovered:
D:1:      dpeg_arrival_water_temple_mockup, layout_basic
D:2:      layout_basic, eat_drink_and_be_merry_uskayaw, xom_redecorated
D:3:      kennysheep_goblin_castle, layout_basic, lemuel_doored_altar,
          gammafunk_temple_overflow_forgotten, overflow_temple_1_default,
          uniq_robin

Skill      XL: |  1  2  3  4  5 |
---------------+----------------+-----
Stealth        | 3 4 |  4.4
Conjurations   | 2 |  2.8
Summonings     | 2 |  2.0
Air Magic      | 1 2 |  2.0
Dodging        | |  2.0
Spellcasting   | |  3.7
Translocations | |  1.0

Action                   |  1- 3 |  4- 6 || total
-------------------------+-------+-------++-------
Melee: Dagger            |    31 |    78 ||   109
       Constrict         |    10 |    16 ||    26
       Tentacles         |     5 |    12 ||    17
 Cast: Magic Dart        |    70 |    74 ||   144
       Call Imp          |     1 |     2 ||     3
  Use: Scroll            |     1 |     3 ||     4
       Potion            |     1 |     5 ||     6
Armor: Skin              |       |    55 ||    55
Dodge: Dodged            |    24 |    57 ||    81
